 Dungeon Crawl Stone Soup version 0.29.1-2-gbd0b4ee654 (webtiles) character file.

Game seed: 15292937352675033154

219 mortz the Chopper (level 5, -3/33 HPs)
             Began as a Gargoyle Monk on Nov 3, 2022.
             Slain by a gnoll
             ... wielding a +0 halberd
              (11 damage)
             ... on level 3 of the Dungeon.
             The game lasted 00:09:22 (2868 turns).

mortz the Chopper (Gargoyle Monk)                   Turns: 2868, Time: 00:09:22

Health: -3/33      AC: 12    Str: 16    XL:     5   Next: 96%
Magic:  5/5        EV: 11    Int: 15    God:
Gold:   129        SH:  0    Dex: 12    Spells: 4/4 levels left

rFire   x . .      SeeInvis .   b - +7 hand axe of Taesm {vorpal, rF- rN+ Int+4}
rCold   . . .      Faith    .   (no shield)
rNeg    + + .      Spirit   .   h - +0 ring mail
rPois   ∞          Reflect  .   (no helmet)
rElec   +          Harm     .   k - +0 cloak
rCorr   .          Rampage  .   (no gloves)
Will    .....                   q - +1 pair of boots
Stlth   +.........              (no amulet)
HPRegen 0.11/turn               (no ring)
MPRegen 0.09/turn               (no ring)

@: no status effects
A: sickness immunity, AC +4, negative energy resistance 1, electricity
resistance, torment resistance 1, petrification resistance
a: no special abilities


You were on level 3 of the Dungeon.
You visited 1 branch of the dungeon, and saw 3 of its levels.

You collected 129 gold pieces.

Inventory:

Hand Weapons
 a - a +0 hand axe
 b - the +7 hand axe of Taesm (weapon) {vorpal, rF- rN+ Int+4}
   (You found it on level 2 of the Dungeon)

   It inflicts extra damage upon your enemies.
   Int:       It affects your intelligence (+4).
   rF:        It makes you vulnerable to fire.
   rN:        It protects you from negative energy.
 j - a +1 dagger of flaming
 t - a +1 trident
 u - a +0 short sword of holy wrath
Missiles
 f - 19 stones (quivered)
 m - 5 boomerangs of dispersal
 s - 3 poisoned darts
Armour
 h - a +0 ring mail (worn)
 k - a +0 cloak (worn)
 p - a +2 robe of resistance
 q - a +1 pair of boots (worn)
Jewellery
 e - a +6 ring of strength
 n - a ring of resist corrosion
Scrolls
 d - 2 scrolls of blinking
 i - a scroll of silence
Potions
 c - 2 potions of ambrosia
 g - a potion of degeneration {unknown}
 l - a potion of curing {unknown}
 o - 3 potions of mutation
 r - a potion of attraction {unknown}
 v - a potion of flight {unknown}


   Skills:
 + Level 4.0 Fighting
 + Level 4.4 Axes
 + Level 2.0 Armour
 + Level 3.0 Dodging
 + Level 2.9 Stealth


You had 4 spell levels left.
You didn't know any spells.
Your spell library contained the following spells:

 Spells                   Type           Power      Damage    Failure   Level
 Slow                     Hex            0%         N/A       45%         1
 Summon Small Mammal      Summ           0%         N/A       45%         1
 Call Canine Familiar     Summ           0%         N/A       83%         3
 Confusing Touch          Hex            0%         N/A       83%         3
 Summon Guardian Golem    Hex/Summ       0%         N/A       83%         3
 Vampiric Draining        Necr           0%         2d6       83%         3


Dungeon Overview and Level Annotations

Branches:
Dungeon (3/15) Zot: 15086

Altars:


Innate Abilities, Weirdness & Mutations

You are immune to sickness and miasma.
Your stone body is resilient. (AC +4)
You are immune to poison.
You resist negative energy. (rN+)
You are resistant to electric shocks. (rElec)
You are resistant to unholy torment.
You are immune to petrification.


Message History

You see here a +0 short sword of holy wrath.
u - a +0 short sword of holy wrath
Items here: ) [ †††.
You see here a +0 mace.
Things that are here:
a +0 mace; a +0 club; an orc corpse
Things that are here:
a +0 short sword; an orc corpse HP restored. 2 gnolls come into view.
A gnoll is wielding a +1 halberd of flaming.
The gnoll shouts! x2
A gnoll comes into view. It is wielding a +0 halberd.
An endoplasm comes into view.
The gnoll shouts!
The gnoll hits you with a +1 halberd of flaming!
The gnoll burns you.
The gnoll hits you from afar with a +0 spear.
The endoplasm quivers.
You hit the gnoll.
The gnoll is severely wounded.
You hit the plant. You slash the gnoll!
You kill the gnoll!
You hit the plant but do no damage. The gnoll barely misses you.
Your Armour skill increases to level 2!
The gnoll barely misses you.
The gnoll hits the plant with a +0 spear.
The gnoll hits you with a +0 halberd. The gnoll misses you.
The gnoll hits you with a +0 spear.
You slash the gnoll!
You kill the gnoll!
You slash the endoplasm!
You kill the endoplasm!
You barely miss the gnoll. The gnoll hits you with a +0 halberd.
* * * LOW HITPOINT WARNING * * *
You hit the gnoll.
The gnoll is moderately wounded.
The gnoll hits you with a +0 halberd!
You die...

#....#............#
#....... #....
............# #.#.....
#...###...........# #.#
#... .................#
#.###... #..#
#..........# #.#.....
#<.# #..........#
#.#.##.) #..#
#..........#####.#...).
...#
#.....g..........###.).
.##.#
#....)@...........)....
.. .#
##...####.........#..#.
## .# #...#
#.........#..## .#
#..)# #.........##.# ..
....PJ# #.........##.#
......P.#
#.........##.. #.
......P.#
#.........####. #.
#####...# .........# .
#.##+### #...#


You could see a gnoll.

Vanquished Creatures
  2 orc priests (D:3)
  2 orc wizards (D:3)
  3 adders
  2 gnolls (D:3)
  A worm (D:2)
  2 dart slugs (D:1)
  5 orcs (D:3)
  5 endoplasms
  5 giant cockroaches
  A goblin (D:1)
  4 hobgoblins
  7 jackals (D:1)
  A kobold (D:1)
  A quokka (D:1)
  3 ball pythons (D:1)
  3 bats
  2 frilled lizards (D:1)
  9 rats
58 creatures vanquished.

Vanquished Creatures (others)
  9 plants
9 creatures vanquished.

Grand Total: 67 creatures vanquished

Notes
Turn   | Place    | Note
-------+----------+-------------------------------------------
     0 | D:1      | mortz the Gargoyle Monk began the quest for the Orb.
     0 | D:1      | Reached XP level 1. HP: 14/14 MP: 1/1
   275 | D:1      | Reached XP level 2. HP: 19/19 MP: 2/2
   584 | D:1      | Reached XP level 3. HP: 23/23 MP: 3/3
  1683 | D:2      | Identified the +7 hand axe of Taesm {vorpal, rF- rN+ Int+4}
  1839 | D:2      | Reached XP level 4. HP: 29/29 MP: 4/4
  2213 | D:2      | Found a faded altar of an unknown god.
  2693 | D:3      | Reached skill level 1 in Armour
  2700 | D:3      | Reached XP level 5. HP: 23/33 MP: 5/5
  2868 | D:3      | Slain by a gnoll

Illustrated notes

Levels and vault maps discovered:
D:1:      dpeg_arrival_rooms_a, layout_basic, serial_bayou, serial_bayou_pond_c,
          serial_bayou_ford_a, serial_bayou_shore_b, serial_bayou_shore_b,
          serial_bayou_crossing, amcnicky_mini_pool_small, minmay_box_of_dots
D:2:      layout_basic, shapermc_ecumenical_altar_pompeii
D:3:      layout_basic, mainiacjoe_overflow_boulevard

Skill      XL: |  1  2  3  4  5 |
---------------+----------------+-----
Axes           | 3 4 |  4.4
Armour         | 1 2 |  2.0
Dodging        | 3 |  3.0
Fighting       | 4 |  4.0
Stealth        | |  2.9

Action                   |  1- 3 |  4- 6 || total
-------------------------+-------+-------++-------
Melee: Hand axe          |   107 |    51 ||   158
  Use: Scroll            |       |     7 ||     7
 Stab: Sleeping          |     4 |       ||     4
Armor: Robe              |    24 |       ||    24
       Ring mail         |    16 |    37 ||    53
Dodge: Dodged            |    67 |    29 ||    96
